 Dungeon Crawl Stone Soup version 0.28.0-47-ge53b351184 (webtiles) character file.

Game seed: 1420206608526866725

656 Bruhh the Magician (level 7, -1/63 HPs)
             Began as a Djinni Transmuter on Apr 27, 2022.
             Killed from afar by an orc wizard (4 damage)
             ... with a puff of flame
             ... on level 5 of the Dungeon.
             The game lasted 00:10:37 (9404 turns).

Bruhh the Magician (Djinni Transmuter)              Turns: 9404, Time: 00:10:43

Health: -1/63      AC:  7    Str:  9    XL:     7   Next: 85%
Gold:   233        EV: 10    Int: 17    God:
                   SH:  0    Dex: 13

rFire   x . .      SeeInvis .     - Unarmed
rCold   + + +      Faith    .   (shield currently unavailable)
rNeg    . . .      Spirit   .   (armour currently unavailable)
rPois   ∞          Reflect  .   (helmet currently unavailable)
rElec   .          Harm     .   (cloak currently unavailable)
rCorr   .          Rampage  .   (gloves currently unavailable)
Will    .....                   (boots unavailable)
Stlth   +.........              (no amulet)
HPRegen 0.20/turn               (no ring)
MPRegen 0.00/turn               (no ring)

@: ice-form, flying
A: freezing attack, flying, boosted hp, sickness immunity, large, (fire
resistance 2), (cold vulnerability 1), float, innate caster, HP casting, extra
vitality 1
a: End Transformation


You were on level 5 of the Dungeon.
You were a creature of crystalline ice.
You visited 1 branch of the dungeon, and saw 5 of its levels.

You collected 233 gold pieces.

Inventory:

Hand Weapons
 b - a +3 short sword (melded)
Armour
 a - a +0 robe (melded)
Jewellery
 l - an amulet of reflection
 n - a ring of ice
 q - a +4 ring of evasion
Scrolls
 c - a scroll of identify {unknown}
 g - a scroll of amnesia {unknown}
 h - a scroll of magic mapping {unknown}
 i - a scroll of fog {unknown}
 j - a scroll of enchant weapon {unknown}
 k - a scroll of immolation {unknown}
 o - a scroll of silence {unknown}
Potions
 d - a potion of resistance {unknown}
 e - a potion of lignification {unknown}
 f - 4 potions of curing {unknown}
 m - 2 potions of invisibility {unknown}
 p - a potion of heal wounds {unknown}


   Skills:
 + Level 4.9 Fighting
 - Level 2.1 Dodging
 - Level 3.0 Unarmed Combat
 - Level 5.0 Spellcasting


You had one spell level left.
You knew the following spells:

 Your Spells              Type           Power      Damage    Failure   Level
a - Beastly Appendage     Tmut           42%        N/A       1%          1
b - Wereblood             Tmut           21%        N/A       2%          2
c - Spider Form           Tmut/Pois      21%        N/A       5%          3
d - Ice Form              Ice/Tmut       21%        N/A       19%         4
e - Shock                 Conj/Air       84%        1d8       1%          1
f - Corpse Rot            Necr/Air       42%        N/A       2%          2
g - Searing Ray           Conj           42%        2d6       2%          2
Your spell library was empty.

Dungeon Overview and Level Annotations

Branches:
Dungeon (5/15)
 Temple: D:4-7

Altars:


Innate Abilities, Weirdness & Mutations

You are a creature of crystalline ice.
You have a powerful freezing melee attack.
You are flying.
Your maximum health is increased.
Your armour is entirely melded.
You are incapable of wielding weapons or throwing items.
You are immune to sickness and miasma.
You are immune to poison.
((Your flesh is very heat resistant. (rF++)))
((You are vulnerable to cold. (rC-)))
You float through the air rather than walking.
You learn spells naturally, not from books.
Your magical power is your life essence.
You have superior vitality. (+4 MHP)


Message History

The orc priest looks braver for a moment.
The orc priest looks encouraged for a moment.
The phantom closely misses you.
You hit the orc priest. You freeze the orc priest.
You kill the orc priest!
Something hits you but does no damage.
The phantom hits you but does no damage.
You hit the phantom.
The phantom is almost destroyed.
Something hits you. The phantom misses you.
The orc priest hits you with a +0 falchion.
* * * LOW HITPOINT WARNING * * *
Something hits you but does no damage.
Things that are here:
a +0 club; a +0 leather armour The orc priest calls down the wrath of Beogh upon you.
Something writhes in agony!
The orc wizard gestures wildly while chanting.
The orc wizard flickers and vanishes!
You hear some strange, mumbled words.
Something tries to affect you, but you resist.
The orc priest miscasts a cantrip.
Things that are here:
a +0 dagger; a +0 robe You hear some strange, mumbled words.
You are confused.
You bump into the rock wall.
You bump into the rock wall.
You feel less confused.
The orc priest calls down the wrath of Beogh upon you.
The orc priest mumbles some strange prayers to Beogh against you.
Beogh smites you!
* * * LOW HITPOINT WARNING * * *
The orc priest calls down the wrath of Beogh upon you.
Beogh smites you!
* * * LOW HITPOINT WARNING * * *
You hear some strange, mumbled words.
A puff of flame appears from out of thin air!
The puff of flame hits you. The fire burns you terribly!
You die...

#.# #.## #######...#### ##.#
#..## ##........ ##..# ##..##
##.......##
##...###########...####)........#
......................'.........'
##...###########...####.........#
##..# #..## ##....>..## ##.# #.##
##.....## #.### #Y# ##...## #...#
#.# ##'## ###.# #{# #.# #.# #.#
#.# #.# ###.#### ##.## #.#
#......# ##...## #.# #.#o##.#
#.....# ######.# #.#W##.###
##...## .......# #.#...oW.#
##.#####


You could see a phantom and an orc priest.

Vanquished Creatures
  A black bear (D:5)
  A gnoll sergeant (D:4)
  A scorpion (D:4)
  A bullfrog skeleton (D:5)
  3 orc priests
  A jelly (D:4)
  An iguana (D:5)
  A scorpion zombie (D:5)
  2 orc wizards (D:5)
  A hound skeleton (D:5)
  A howler monkey zombie (D:5)
  3 gnolls
  2 adders (D:2)
  2 adder skeletons
  2 worms
  2 dart slugs
  11 orcs
  3 endoplasms
  5 giant cockroaches
  5 hobgoblins
  14 jackals
  13 kobolds
  2 quokkas (D:2)
  9 ball pythons
  6 bats
  2 frilled lizards (D:1)
  4 goblins
  4 rats
103 creatures vanquished.

Notes
Turn   | Place    | Note
-------+----------+-------------------------------------------
     0 | D:1      | Bruhh the Djinni Transmuter began the quest for the Orb.
     0 | D:1      | Reached XP level 1. HP: 17/17 MP: 0/0
    14 | D:1      | Found Xolesoiz's Jewellery Boutique.
   222 | D:1      | Reached skill level 2 in Spellcasting
   222 | D:1      | Reached XP level 2. HP: 11/22 MP: 0/0
  1099 | D:1      | Reached XP level 3. HP: 27/27 MP: 0/0
  1099 | D:1      | Learned a level 1 spell: Shock
  2100 | D:2      | Reached skill level 3 in Spellcasting
  2111 | D:2      | Reached XP level 4. HP: 17/32 MP: 0/0
  4305 | D:2      | Reached XP level 5. HP: 25/37 MP: 0/0
  4305 | D:2      | Learned a level 2 spell: Corpse Rot
  5703 | D:3      | Reached skill level 4 in Spellcasting
  6462 | D:3      | Reached XP level 6. HP: 13/42 MP: 0/0
  6751 | D:3      | Found a faded altar of an unknown god.
  7202 | D:4      | Reached skill level 5 in Spellcasting
  7981 | D:5      | Entered Level 5 of the Dungeon
  8118 | D:4      | Reached XP level 7. HP: 8/49 MP: 0/0
  8118 | D:4      | Learned a level 2 spell: Searing Ray
  9404 | D:5      | HP: 3/63 [orc priest/divine providence (10)]
  9404 | D:5      | Killed from afar by an orc wizard

Illustrated notes

Levels and vault maps discovered:
D:1:      lightli_arrival_lavapool, layout_loops_corners, serial_shops, shop,
          chequers_serial_rivers_micro_e
D:2:      layout_basic
D:3:      layout_rooms, hellmonk_ecumenical_altar_inner_sanctum
D:4:      layout_rooms, kennysheep_opposing_triangles
D:5:      layout_loops_corners

Skill      XL: |  1  2  3  4  5  6  7 |
---------------+----------------------+-----
Spellcasting   | 2 3 4 5 |  5.0
Fighting       | 2 4 |  4.9
Dodging        | |  2.1
Unarmed Combat | |  3.0

Action                   |  1- 3 |  4- 6 |  7- 9 || total
-------------------------+-------+-------+-------++-------
Melee: Unarmed           |    77 |   113 |    65 ||   255
       Headbutt          |     3 |     2 |       ||     5
       Short sword       |    68 |    46 |    10 ||   124
       Punch             |     3 |     1 |       ||     4
 Cast: Beastly Appendage |    14 |     8 |       ||    22
       Spider Form       |     4 |    21 |       ||    25
       Shock             |     3 |       |       ||     3
       Ice Form          |       |     4 |     6 ||    10
  Use: Scroll            |       |     1 |       ||     1
 Stab: Sleeping          |     1 |       |       ||     1
Armor: Robe              |    28 |    16 |     1 ||    45
       Skin              |     3 |    17 |    36 ||    56
Dodge: Dodged            |   156 |   148 |    42 ||   346
